 Dungeon Crawl Stone Soup version 0.28-a0-794-gafe8c5f9e9 (webtiles) character file.

Game seed: 14603652677634734488

1615 Leszczynek the Cleaver (level 9, -2/69 HPs)
             Began as a Human Gladiator on Nov 5, 2021.
             Was a Follower of the Shining One.
             Killed from afar by Maggie (19 damage)
             ... with a bolt of fire
             ... on level 7 of the Dungeon.
             The game lasted 00:31:46 (4104 turns).

Leszczynek the Cleaver (Human Gladiator)            Turns: 4104, Time: 00:31:47

Health: -2/69      AC:  6    Str: 18    XL:     9   Next: 17%
Magic:  10/10      EV: 12    Int:  8    God:    the Shining One [*.....]
Gold:   224        SH: 12    Dex: 15    Spells: 8/8 levels left

rFire   . . .      SeeInvis .   a - +0 war axe
rCold   . . .      Faith    .   s - +0 buckler
rNeg    . . .      Spirit   .   i - +0 ring mail
rPois   .          Reflect  .   c - +0 helmet
rElec   .          Harm     .   (no cloak)
rCorr   .          Rampage  .   (no gloves)
Will    .....                   (no boots)
Stlth   +.........              (no amulet)
HPRegen 0.21/turn               t - +4 ring of slaying
MPRegen 0.12/turn               F - ring of flight

@: mighty, divinely shielded, flying, hasted, glowing, very quick
A: no striking features
a: Renounce Religion, Divine Shield


You were on level 7 of the Dungeon.
You worshipped the Shining One.
The Shining One was aware of your devotion.
You visited 2 branches of the dungeon, and saw 8 of its levels.
You also visited: Sewer.

You collected 287 gold pieces.
You spent 63 gold pieces at shops.

Inventory:

Hand Weapons
 a - a +0 war axe (weapon)
 b - a +0 hand crossbow
 m - a +0 long sword
 x - a +0 hunting sling
Missiles
 d - 2 throwing nets
 h - 54 poisoned darts (quivered)
 j - 49 arrows
 u - 71 stones
 y - 15 bolts
Armour
 c - a +0 helmet (worn)
 g - a +0 leather armour
 i - a +0 ring mail (worn)
 r - a +2 tower shield
 s - a +0 buckler (worn)
Jewellery
 t - a +4 ring of slaying (left hand)
 F - a ring of flight (right hand)
Scrolls
 e - 2 scrolls of magic mapping
 f - 4 scrolls of amnesia
 k - a scroll of summoning
 l - 2 scrolls of fog
 o - 2 scrolls of fear {unknown}
 p - a scroll of immolation {unknown}
 q - a scroll of teleportation
 w - a scroll of enchant weapon {unknown}
 z - a scroll of blinking {unknown}
 D - a scroll of enchant armour {unknown}
Potions
 n - a potion of cancellation
 v - a potion of brilliance
 A - a potion of haste
 C - 2 potions of curing {@q1}


   Skills:
 * Level 5.7 Fighting
 + Level 8.9 Axes
 - Level 2.0 Throwing
 - Level 3.0 Dodging
 - Level 4.0 Shields
 * Level 1.8 Invocations


You had 8 spell levels left.
You didn't know any spells.
Your spell library contained the following spells:

 Spells                   Type           Power      Damage    Failure   Level
 Magic Dart               Conj           0%         1d3       61%         1
 Searing Ray              Conj           0%         2d4       75%         2
 Portal Projectile        Hex/Tloc       0%         N/A       93%         3
 Fulminant Prism          Conj/Hex       0%         3d6       100%        4
 Blade Hands              Tmut           0%         N/A       100%        5
 Excruciating Wounds      Necr           0%         N/A       100%        5


Dungeon Overview and Level Annotations

Branches:
Dungeon (7/15)             Temple (1/1) D:4           Sewer (visited)

Altars:
Ashenzari
Cheibriados
Dithmenos
Elyvilon
Gozag
Kikubaaqudgha
Makhleb
Okawaru
Ru
Sif Muna
Trog
Uskayaw
Vehumet
Wu Jian
Yredelemnul
Zin
The Shining One

Shops:
D:2 [

Annotations:
D:3 Grinder
D:6 3 runed translucent doors, Dowan; TheNamelessOne's ghost, novice FoFi
D:7 2 transporters, Maggie


Message History

Maggie hits you with a +0 glaive of flaming!
Maggie burns you.
You hit Maggie.
Maggie is moderately wounded.
Maggie closely misses you.
You hit Maggie.
Maggie is moderately wounded.
You hit Maggie but do no damage.
Maggie is moderately wounded.
You block Maggie's attack.
You hit Maggie.
Maggie is moderately wounded.
Maggie hits you with a +0 glaive of flaming!
Maggie burns you.
You hit Maggie but do no damage.
Maggie is moderately wounded.
You hit Maggie.
Maggie is heavily wounded.
Maggie hits you with a +0 glaive of flaming.
Maggie burns you.
You slash Maggie!
Maggie is heavily wounded.
Maggie hits you with a +0 glaive of flaming!
Maggie burns you.
* * * LOW HITPOINT WARNING * * *
Okay, then.
Unknown command.
It was a potion of magic.
Magic courses through your body. You block Maggie's attack.
It was a potion of might.
You feel very mighty all of a sudden.
You hit Maggie.
Maggie is severely wounded.
You block Maggie's attack.
You barely miss Maggie.
Maggie is severely wounded.
You break out of your daze.
Maggie gestures at you while chanting. The bolt of fire hits you!!
You die...

............................
...........................#
..#.....#.####....##########
# #.##............##### #.
#.................
....#........... ...
###.......... .. #..#.######
#.@#.# #..@$..... #.##.#####
.. ... ..# ### .#. ....
##.#.


You could see Maggie.

Vanquished Creatures
  Duvessa (D:6)
  An ice beast (D:6)
  A black bear (D:4)
  2 necrophages (D:5)
  Blork the orc (D:5)
  3 kobold brigands
  2 bullfrogs (D:7)
  A scorpion (D:7)
  A wyvern skeleton (D:4)
  A bullfrog zombie (D:3)
  A jelly (D:5)
  2 orc priests (D:7)
  A bullfrog skeleton (D:5)
  2 gnoll shamans
  2 centaur skeletons
  Ijyb (D:4)
  2 iguanas
  An orc wizard (D:7)
  2 hound skeletons (D:4)
  A hound zombie (D:5)
  A howler monkey zombie (D:7)
  7 adders
  8 gnolls
  2 river rats (Sewer)
  An adder skeleton (D:4)
  4 worms
  4 orcs
  8 ball pythons
  A bat (D:2)
  10 endoplasms
  6 giant cockroaches
  6 goblins
  4 jackals (D:4)
  8 kobolds
  3 quokkas
  2 frilled lizards
  A jackal skeleton (D:4)
  5 rats
110 creatures vanquished.

Vanquished Creatures (others)
  A plant (D:4)
1 creature vanquished.

Grand Total: 111 creatures vanquished

Notes
Turn   | Place    | Note
-------+----------+-------------------------------------------
     0 | D:1      | Leszczynek the Human Gladiator began the quest for the Orb.
     0 | D:1      | Reached XP level 1. HP: 16/16 MP: 1/1
   175 | D:2      | Reached XP level 2. HP: 21/22 MP: 2/2
   399 | D:1      | Reached skill level 4 in Axes
   399 | D:1      | Reached XP level 3. HP: 27/27 MP: 3/3
   517 | D:2      | Found Xaelual's Armour Shoppe.
   792 | D:3      | Reached XP level 4. HP: 33/33 MP: 4/4
   795 | D:3      | Reached skill level 5 in Axes
   804 | D:3      | Noticed Grinder
   853 | D:4      | Noticed a black bear
   991 | D:3      | Paralysed by Grinder for 5 turns
  1108 | D:4      | Killed a black bear
  1109 | D:4      | Reached skill level 6 in Axes
  1109 | D:4      | Reached XP level 5. HP: 27/38 MP: 5/5
  1142 | D:4      | Reached XP level 6. HP: 37/44 MP: 6/6
  1184 | D:4      | Found a staircase to the Ecumenical Temple.
  1197 | Temple   | Entered the Ecumenical Temple
  1279 | Temple   | Became a worshipper of the Shining One
  1456 | D:5      | Entered Level 5 of the Dungeon
  1474 | D:5      | >+2 tower shield
  1482 | D:5      | 6 EV
  1484 | D:5      | 1.6 aut per hit
  1484 | D:5      | W O R T H
  1545 | D:2      | Bought a +0 buckler for 63 gold pieces
  1610 | D:5      | Reached skill level 7 in Axes
  1615 | D:5      | Noticed a necrophage
  1628 | D:5      | Killed a necrophage
  1629 | D:5      | Reached skill level 1 in Shields
  1629 | D:5      | Reached XP level 7. HP: 40/51 MP: 7/7
  1751 | D:4      | Noticed Ijyb
  1765 | D:4      | Paralysed by Ijyb for 2 turns
  1772 | D:4      | Killed Ijyb
  1784 | D:4      | motherfucker used up the whole wand
  2227 | D:5      | Noticed Blork the orc
  2241 | D:5      | Killed Blork the orc
  2242 | D:5      | Reached skill level 3 in Fighting
  2242 | D:5      | Reached skill level 2 in Shields
  2583 | D:6      | Reached XP level 8. HP: 36/58 MP: 8/8
  2652 | D:6      | Reached * piety under the Shining One
  2676 | D:6      | Found a glowing drain.
  2682 | Sewer    | Entered a sewer
  2731 | Sewer    | Reached skill level 8 in Axes
  3148 | D:6      | Noticed Duvessa
  3148 | D:6      | Noticed Dowan
  3189 | D:6      | Killed Duvessa
  3190 | D:6      | Reached skill level 4 in Fighting
  3190 | D:6      | Reached skill level 3 in Shields
  3386 | D:6      | Noticed TheNamelessOne's ghost (novice FoFi)
  3386 | D:6      | Noticed a green ugly thing
  3388 | D:6      | Found a runed translucent gate.
  3389 | D:6      | Found a runed translucent gate.
  3389 | D:6      | Found a runed translucent gate.
  3573 | D:7      | Found a transporter.
  3579 | D:7      | Found a transporter.
  3702 | D:7      | HP: 18/91 [gnoll (3)]
  3707 | D:7      | Reached skill level 5 in Fighting
  3852 | D:7      | Found a white marble altar of Elyvilon.
  3914 | D:7      | Reached skill level 4 in Shields
  3914 | D:7      | Reached XP level 9. HP: 52/68 MP: 9/9
  3915 | D:7      | Reached skill level 1 in Invocations
  4084 | D:7      | Noticed Maggie
  4104 | D:7      | Killed from afar by Maggie

Illustrated notes

.# #.# #.# #.# #[# ##.#
#.# ..# #.# #.#
#.#############.####
#.##...............###..
#.##.##.##.#....@......(
#<##.##.##.#.##.##.###..
#.........).....# #
####.##.##.######
#.##.##.# #.......#
####.##.# #.##.# #.....


Turn 1474 on D:5: >+2 tower shield .# #.# #.# #.# #[# ##.# #.# ..# #.# #.#
#.#############.#### #.##...............###.. #.##.##.##.#.@.........(
#<##.##.##.#.##.##.###.. #.........).....# # ####.##.##.###### #.##.##.#
#.......# ####.##.# #.##.# #..... Turn 1482 on D:5: 6 EV .# #.# #.# #.# #[# ##.#
#.# ..# #.# #.# #.#############.#### #.##...............###..
#.##.##.##.#.@.........( #<##.##.##.#.##.##.###.. #.........).....# #
####.##.##.###### #.##.##.# #.......# ####.##.# #.##.# #..... Turn 1484 on D:5:
1.6 aut per hit ... #.# #.# ##.## ... #.# #.# #.###.# #.@.#.# ###.#.#
#.#####.#.# #.....>..# #.#####...# #.#####)..# #.........# #######..## . #..#
Turn 1784 on D:4: motherfucker used up the whole wand

Levels and vault maps discovered:
D:1:      matt_arrival_los_fun, layout_basic
D:2:      layout_loops_cross, serial_shops, nicolae_diamond_shop
D:3:      layout_rooms, uniq_grinder
D:4:      layout_loops_ring, chequers_temple_overflow_statue_of_worship,
          minmay_temple_entry_junction, serial_forest, infiniplex_forest_end_1,
          infiniplex_forest_end_2, infiniplex_forest_clump_small,
          infiniplex_forest_pool, grunt_ministairs_2, nrook_mini_vaults,
          uniq_ijyb
D:5:      layout_loops_ring, glass_columns_b, uniq_blork_the_orc
D:6:      layout_loops_corners, gammafunk_ghost_split, gup_sewer_entry_bubbles,
          uniq_duvessa
D:7:      gammafunk_steamed_eel, layout_basic, elyvilon_altar_3, uniq_maggie
Temple:   regret_index_temple_sphere_string

Skill      XL: |  1  2  3  4  5  6  7  8  9 |
---------------+----------------------------+-----
Axes           | 4 6 7 8 |  8.9
Shields        | 1 2 4 |  4.0
Fighting       | 3 5 |  5.7
Invocations    | 1 |  1.8
Throwing       | |  2.0
Dodging        | |  3.0

Action                   |  1- 3 |  4- 6 |  7- 9 || total
-------------------------+-------+-------+-------++-------
Melee: War axe           |    71 |    62 |   259 ||   392
 Fire: Hunting sling     |       |       |     3 ||     3
Throw: Dart              |     9 |     4 |    16 ||    29
       Throwing net      |     3 |       |       ||     3
Invok: Divine Shield     |       |       |     3 ||     3
  Use: Potion            |     2 |     1 |     6 ||     9
       Scroll            |       |     8 |     4 ||    12
 Stab: Invisible         |       |     4 |       ||     4
Armor: Ring mail         |    23 |    17 |    50 ||    90
       Skin              |     9 |       |       ||     9
Dodge: Dodged            |    44 |    56 |   116 ||   216
Block: Buckler           |       |     1 |    60 ||    61

Table legend: (Time is in decaauts)
 A = Elapsed time spent in this place.
 B = Non-inter-level travel time spent in this place.
 C = Inter-level travel time spent in this place.
 D = Time resting spent in this place.
 E = Time spent auto-exploring this place.
 F = Levels seen in this place.
 G = Mean time per level.
                   A        B        C        D        E       F      G
               +--------+--------+--------+--------+--------+-----+--------+
         Total |   4419 |   4029 |    390 |     22 |      0 |   9 |  491.0 |
       Dungeon |   3748 |   3375 |    373 |     22 |      0 |   7 |  535.4 |
        Temple |    107 |     90 |     17 |      0 |      0 |   1 |  107.0 |
         Sewer |    562 |    562 |      0 |      0 |      0 |   1 |  562.0 |
               +--------+--------+--------+--------+--------+-----+--------+

Top non-repeatable levels by time:
     D:5: 896 daAuts
     D:7: 609 daAuts
   Sewer: 562 daAuts
     D:6: 562 daAuts
     D:3: 537 daAuts
     D:4: 518 daAuts
     D:1: 335 daAuts
     D:2: 289 daAuts
  Temple: 107 daAuts
